 Dungeon Crawl Stone Soup version 0.26.0-20-g3ca415f5b8 (webtiles) character file.

Game seed: 6892424967609545769

2351 EnegeticOcto the Cleaver (level 9, 42/74 HPs)
             Began as a Deep Dwarf Fighter on Jan 24, 2021.
             Was a Believer of Ru.
             Quit the game on level 2 of the Orcish Mines.
             The game lasted 00:09:11 (1215 turns).

EnegeticOcto the Cleaver (Deep Dwarf Fighter)       Turns: 1215, Time: 00:09:11

Health: 42/74      AC: 14    Str: 22    XL:     9   Next: 20%
Magic:  4/4        EV:  4    Int: 10    God:    Ru [**....]
Gold:   80         SH:  9    Dex: 12    Spells: 14/14 levels left

rFire    . . .     SeeInvis .   a - +0 war axe
rCold    . . .     Faith    .   c - +0 kite shield
rNeg     + . .     Spirit   .   B - +1 plate armour {Will+}
rPois    .         Reflect  .   t - +1 helmet
rElec    .         Harm     .   (no cloak)
rCorr    .         Rampage  .   (no gloves)
Will     +....     Rnd*Tele +   (no boots)
Stlth    ..........             (no amulet)
HPRegen  0.00/turn              j - ring of teleportation (curse)
MPRegen  0.09/turn              h - ring of positive energy

@: weak-willed, non-regenerating
A: damage resistance, heal wounds, sense surroundings 2, unskilled 1, no
regeneration
a: Heal Wounds, Renounce Religion


You were on level 2 of the Orcish Mines.
You worshipped Ru.
Ru was pleased with you.
You visited 2 branches of the dungeon, and saw 11 of its levels.

You collected 262 gold pieces.
You spent 182 gold pieces at shops.

Inventory:

Hand Weapons
 a - a +0 war axe (weapon)
 w - a cursed -1 broad axe
   (You took it off Maggie on level 6 of the Dungeon)
Armour
 c - a +0 kite shield (worn)
 p - a +1 ring mail of fire resistance
   (You took it off Edmund on level 4 of the Dungeon)
 t - a +1 helmet (worn)
   (You took it off Robin on level 3 of the Dungeon)
 B - a +1 plate armour of willpower (worn)
   (You took it off an orc warrior on level 9 of the Dungeon)
Jewellery
 e - an uncursed ring of ice
   (You found it on level 2 of the Dungeon)
 f - an uncursed ring of protection from cold
   (You found it on level 2 of the Dungeon)
 h - a ring of positive energy (right hand)
   (You found it on level 3 of the Dungeon)
 j - a cursed ring of teleportation (left hand)
   (You bought it in a shop on level 1 of the Orcish Mines)
Wands
 g - a wand of flame (17) {@v4}
   (You took it off Ijyb on level 3 of the Dungeon)
 q - a wand of random effects (18)
   (You took it off Edmund on level 4 of the Dungeon)
Scrolls
 m - a scroll of blinking {unknown}
Potions
 d - 2 potions of might {@q3 !q}
 n - a potion of lignification {@q6}
 u - a potion of magic {unknown}
 v - 2 potions of attraction {unknown}
 z - a potion of invisibility {unknown}
 A - a potion of degeneration {unknown}


   Skills:
 - Level 2.4 Fighting
 * Level 11.5 Axes
 - Level 3.0 Armour
 - Level 3.0 Shields
 - Level 3.0 Spellcasting


You had 14 spell levels left.
You didn't know any spells.
Your spell library was empty.

Dungeon Overview and Level Annotations

Branches:
Dungeon (9/15)                Orc (1/2) D:9
 Temple: D:4-7         Lair: D:8-11

Altars:
Fedhas
Gozag
Ru

Shops:
Orc:1 *

Annotations:
D:7 2 transporters, kthxbai's ghost, novice GrEE


Innate Abilities, Weirdness & Mutations

You are resistant to damage.
You can heal yourself by infusing magical energy.
You passively map the area around you.
You are somewhat unskilled. (-1 Apt)
You do not regenerate.


Message History

You slash the orc wizard!
You kill the orc wizard!
You hit the orc.
You feel sick. You block the orc's attack. You block the orc warrior's attack.
You slash the orc warrior!
The orc warrior is severely wounded.
You hit the orc.
You kill the orc!
You feel sick.
The orc warrior hits you with a +0 battleaxe.
You hit the orc warrior but do no damage.
The orc warrior is severely wounded.
You block the orc warrior's attack.
You barely miss the orc warrior.
The orc warrior is severely wounded.
The orc warrior is stunned by your conviction and fails to attack.
The orc warrior hits you with a +0 battleaxe!
You hit the orc warrior.
The orc warrior is almost dead.
The orc warrior hits you but does no damage.
You slash the orc warrior!
You kill the orc warrior!
You cannot move.
You feel much better.
Drop what? 25/52 slots (_ for help) (? for menu, Esc to quit)
You drop a +0 scale mail.
You drop a +0 chain mail.
You drop a +0 plate armour.
You remove your -4 ring of intelligence.
You feel clever.
You drop a -4 ring of intelligence.
Your transformation is almost over.
h - a ring of positive energy (right branch) Drop what? 21/52 slots (_ for help) (? for menu, Esc to quit)
Okay, then.
You feel yourself speed up.
You feel less wooden.
Your +0 helmet unmelds from your body.
Your +1 plate armour of willpower unmelds from your body.
You feel strong-willed.
Things that are here:
a +0 battleaxe; a +0 chain mail; an orc corpse You now have 226 gold pieces (gained 18).
You now have 249 gold pieces (gained 23).
Things that are here:
a +0 dagger; a +0 robe; an orc corpse You now have 262 gold pieces (gained 13).
Things that are here:
a +1 vorpal hand axe; a +0 giant club
Things that are here:
a +1 trident of venom; 5 boomerangs; a +0 chain mail
Things that are here:
a +0 club; a +0 chain mail
Items here: = [[[.
Things that are here:
a +0 battleaxe; a +0 chain mail; an orc corpse You see here a +0 dagger.
Things that are here:
a +0 dagger; an orc corpse You are no longer poisoned.
You see here a +0 short sword.
You open the door.
Found Ecohe's Assorted Antiques.
There is an open door here.
There is an entrance to Ecohe's Assorted Antiques here.
b - a scroll labelled GABLAA ISMAOD;
i - a scroll labelled VUDYUNENON
j - a cabochon ring Thank you for shopping at Ecohe's Assorted Antiques!
As you read the scroll labelled VUDYUNENON, it crumbles to dust.
Magic quickly surges around you.
It was a scroll of vulnerability.
As you read the scroll labelled GABLAA ISMAOD, it crumbles to dust.
You feel strangely unstable.
It was a scroll of teleportation.
As you read the scroll labelled UWYAXT URUQIET, it crumbles to dust.
You feel aware of your surroundings.
It was a scroll of magic mapping.
As you read the scroll labelled TEHIAT USOICIRE, it crumbles to dust.
The scroll dissolves into smoke.
It was a scroll of fog.
As you read the scroll labelled MAEZ IGHOINACU, it crumbles to dust.
It is a scroll of enchant armour.
Your +0 helmet glows green for a moment.
Your surroundings suddenly seem different.
An orc comes into view. It is wielding a +0 war axe.
The orc shouts!
An orc wizard comes into view. It is wielding a +0 dagger.
The orc wizard shouts!
You hear a shout!
An orc warrior comes into view. It is wielding a -2 glaive.
You hear a shout!
Found 102 gold pieces.
You're wearing all the rings you can.
Remove which one? (? for menu, Esc to cancel) < or
f - a ring of protection from cold; > or
h - a ring of positive energy You remove your ring of protection from cold.
You fall into a shaft and drop 1 floor!
The shaft crumbles and collapses.
The ogre shouts!
The orc warlord shouts!
The orc sorcerer shouts!
The orc shouts!
The warg howls!
The orc shouts!
The orc wizard shouts!
The orc shouts!
The orc priest shouts!
You hear a shout! x4
You feel slightly jumpy.
Oops, that ring feels deathly cold.
j - a cursed ring of teleportation (left hand)
Okay, then.
Are you sure you want to abandon this character and quit the game? (Confirm with "yes".) , ,, , , , ,............... , , , ............... , , ............... * ,,..............., , ,............... ooo............

,
o.o............,
h..o...@.......
, , ,
.o.............
, ,
o.h..........#.
* , ,
...............,
,* ,
............O..
, , ,
..#....o..o..o.,
*, .
.....#.#o.... *
, * , ,......
#...... , , , ,
, , *


You could see an orc warlord, 2 wargs, 2 orc sorcerers, an ogre, an orc priest,
2 orc wizards and 6 orcs.

Vanquished Creatures
  Maggie (D:6)
  Grinder (D:4)
  Edmund (D:4)
  8 orc warriors
  A black bear (D:9)
  An ogre (Orc:1)
  2 centaurs (D:9)
  Blork the orc (D:4)
  A scorpion (D:9)
  7 orc priests
  An iguana (D:9)
  Ijyb (D:3)
  7 orc wizards
  A worker ant (D:7)
  2 hound zombies
  Robin (D:3)
  2 adders
  2 leopard geckos
  19 orcs
  3 giant cockroaches
  9 goblins (D:3)
  3 hobgoblins (D:3)
  2 kobolds
  A quokka (D:9)
  A bat (D:3)
79 creatures vanquished.

Notes
Turn   | Place    | Note
-------+----------+-------------------------------------------
     0 | D:1      | EnegeticOcto the Deep Dwarf Fighter began the quest for the
                  | Orb.
     0 | D:1      | Reached XP level 1. HP: 20/20 MP: 1/1
    51 | D:3      | Noticed Ijyb
    62 | D:3      | Your magical essence is drained by the effort!
    70 | D:3      | Killed Ijyb
    71 | D:3      | Reached skill level 3 in Axes
    71 | D:3      | Reached XP level 2. HP: 27/27 MP: 1/1
    71 | D:3      | Reached XP level 3. HP: 33/33 MP: 2/2
   108 | D:3      | Found a sacrificial altar of Ru.
   108 | D:3      | Found a blossoming altar of Fedhas.
   111 | D:3      | Became a worshipper of Ru the Awakened
   194 | D:3      | Reached skill level 4 in Axes
   225 | D:4      | Reached XP level 4. HP: 10/40 MP: 3/3
   238 | D:4      | Reached skill level 5 in Axes
   309 | D:4      | Noticed Grinder
   319 | D:4      | Paralysed by Grinder for 2 turns
   323 | D:4      | Killed Grinder
   324 | D:4      | Reached skill level 6 in Axes
   324 | D:4      | Reached skill level 2 in Spellcasting
   324 | D:4      | Reached XP level 5. HP: 46/46 MP: 3/7
   324 | D:4      | Reached XP level 6. HP: 55/55 MP: 3/8
   402 | D:4      | Noticed Blork the orc
   428 | D:4      | Killed Blork the orc
   431 | D:4      | Noticed Edmund
   440 | D:4      | Your magical essence is drained by the effort!
   457 | D:4      | Killed Edmund
   458 | D:4      | Reached skill level 7 in Axes
   577 | D:5      | Entered Level 5 of the Dungeon
   604 | D:5      | Gained mutation: You are somewhat unskilled. (-1 Apt) [Ru
                  | sacrifice]
   604 | D:5      | Reduced skill Axes to level 6
   604 | D:5      | Reached * piety under Ru
   604 | D:5      | Reached ** piety under Ru
   626 | D:4      | Reached XP level 7. HP: 61/61 MP: 8/8
   629 | D:3      | Found an opulent altar of Gozag.
   631 | D:3      | Noticed Robin
   646 | D:3      | Killed Robin
   707 | D:5      | Reached skill level 7 in Axes
   763 | D:6      | Noticed Maggie
   773 | D:6      | Your magical essence is drained by the effort!
   792 | D:6      | Your magical essence is drained by the effort!
   805 | D:6      | Killed Maggie
   806 | D:6      | Reached skill level 8 in Axes
   806 | D:6      | Reached skill level 3 in Spellcasting
   826 | D:6      | Reached XP level 8. HP: 45/68 MP: 8/8
   851 | D:7      | Noticed kthxbai's ghost (novice GrEE)
   852 | D:7      | Found a transporter.
   852 | D:7      | Found a transporter.
   962 | D:9      | Reached skill level 9 in Axes
  1004 | D:9      | Reached skill level 10 in Axes
  1025 | D:9      | Your magical essence is drained by the effort!
  1035 | D:9      | Your magical essence is drained by the effort!
  1088 | D:9      | Reached skill level 11 in Axes
  1088 | D:9      | Gained mutation: You passively map the area around you.
                  | [Deep Dwarf growth]
  1088 | D:9      | Reached XP level 9. HP: 11/74 MP: 7/7
  1091 | D:9      | Your magical essence is drained by the effort!
  1112 | D:9      | Found a staircase to the Orcish Mines.
  1123 | Orc:1    | Entered Level 1 of the Orcish Mines
  1144 | Orc:1    | Your magical essence is drained by the effort!
  1161 | Orc:1    | Your magical essence is drained by the effort!
  1205 | Orc:1    | Found Ecohe's Assorted Antiques.
  1208 | Orc:1    | Bought a scroll labelled GABLAA ISMAOD for 26 gold pieces
  1208 | Orc:1    | Bought a scroll labelled VUDYUNENON for 26 gold pieces
  1208 | Orc:1    | Bought a cabochon ring for 130 gold pieces
  1213 | Orc:1    | You fall into a shaft and drop 1 floor!
  1213 | Orc:2    | Entered Level 2 of the Orcish Mines
  1213 | Orc:2    | Noticed an orc warlord
  1213 | Orc:2    | Noticed an orc sorcerer
  1214 | Orc:2    | Noticed an orc sorcerer
  1215 | Orc:2    | Quit the game

Illustrated notes

Levels and vault maps discovered:
D:1:      dpeg_arrival_pits, layout_basic
D:2:      layout_loops_ring, kennysheep_ying_yang,
          nicolae_qazlal_general_emergency, chequers_hall_statues_y,
          dk_yredelemnul_ordeal, uniq_terence
D:3:      layout_basic, nicolae_gozag_seed_capital,
          gammafunk_temple_overflow_elements, uniq_robin, uniq_sigmund,
          uniq_ijyb
D:4:      layout_layer_cave, temple_hall_moat, uniq_edmund, uniq_grinder,
          uniq_blork_the_orc
D:5:      layout_loops_ring
D:6:      layout_gridville, overflow_temple_1_default, uniq_maggie
D:7:      layout_cave_pools, gammafunk_ghost_arena
D:8:      layout_loops_ring, vehumet_statue, lair_entry_dummy, basic_altar
D:9:      layout_cave_pools, david_orc_4, makhleb_blood_cavern_becter,
          uniq_prince_ribbit1
Orc:1:    layout_diamond_mine, serial_shops, nicolae_shop_window_shopping
Orc:2:    pf_orc_diabolical, layout_diamond_mine

Skill      XL: |  1  2  3  4  5  6  7  8 |
---------------+-------------------------+-----
Axes           | 3 4 6 6 8 11 | 11.5
Spellcasting   | 2 3 |  3.0
Fighting       | |  2.4
Armour         | |  3.0
Shields        | |  3.0

Action                   |  1- 3 |  4- 6 |  7- 9 || total
-------------------------+-------+-------+-------++-------
Melee: War axe           |    51 |    75 |   189 ||   315
Invok: Sacrifice Skill   |       |     1 |       ||     1
 Abil: Heal Wounds       |     1 |     8 |    28 ||    37
Evoke: Wand              |       |     8 |     5 ||    13
  Use: Scroll            |       |       |     8 ||     8
       Potion            |       |       |     1 ||     1
 Stab: Paralysed         |       |       |     4 ||     4
       Distracted        |       |       |     1 ||     1
Armor: Scale mail        |    45 |    22 |    36 ||   103
       Chain mail        |       |       |    53 ||    53
       Plate armour      |       |       |    15 ||    15
       Skin              |       |       |    14 ||    14
Dodge: Dodged            |    20 |    12 |    58 ||    90
Block: Kite shield       |    39 |    14 |   134 ||   187
